 Dungeon Crawl Stone Soup version 0.24-a0-27-gca774cb5d5 (webtiles) character file.

Game seed: 11265996562598306434

314778 Flugslaktarn the Champion of Chaos (level 20, -1/195 HPs)
             Began as a Deep Dwarf Fighter on Feb 1, 2019.
             Was the Champion of Makhleb.
             Slain by a flayed ghost (9 damage)
             ... on level 5 of the Vaults on Feb 2, 2019.
             The game lasted 00:34:16 (26930 turns).

Flugslaktarn the Champion of Chaos (DDFi)          Turns: 26930, Time: 00:34:16

Health: -1/195     AC: 29    Str: 28    XL:     20   Next: 49%
Magic:  14/14      EV: 14    Int: 13    God:    Makhleb [******]
Gold:   4090       SH: 21    Dex: 14    Spells: 19/19 levels left

rFire    + . .     SeeInvis .   A - +5 broad axe of Olou {elec, rF+}
rCold    + . .     Gourm    .   O - +0 large shield
rNeg     + . .     Faith    +   q - +7 chain mail of the Dungeon {Dex+2}
rPois    .         Spirit   .   X - +1 helmet
rElec    +         Reflect  .   Y - +1 cloak {MR+}
rCorr    .         Harm     .   D - +0 pair of gloves
MR       +++++                  H - +0 pair of boots
Stlth    ..........             s - amulet of faith
HPRegen  0.00/turn              c - ring of protection from cold
MPRegen  0.14/turn              V - ring "Xazekkoa" {rElec MR+ Int+3}

@: lethally poisoned (-1 -> -1), flayed, non-regenerating, drained
A: damage resistance, heal wounds, negative energy resistance 1, sense
surroundings 3, no regeneration
}: 2/15 runes: decaying, gossamer
a: Heal Wounds, Minor Destruction, Lesser Servant of Makhleb, Major Destruction,
Greater Servant of Makhleb, Renounce Religion


You were on level 5 of the Vaults.
You worshipped Makhleb.
Makhleb was exalted by your worship.
You were full.

You visited 7 branches of the dungeon, and saw 37 of its levels.
You also visited: Ossuary, Ice Cave and Wizlab.

You collected 4200 gold pieces.
You spent 110 gold pieces at shops.

Inventory:

Hand Weapons
 a - a +1 war axe
 t - a cursed -1 broad axe of protection
 A - the +5 broad axe of Olou (weapon) {elec, rF+}
   (You acquired it on level 9 of the Dungeon)

   Occasionally, upon striking a foe, it will discharge some electrical energy
   and cause terrible harm.
   It protects you from fire.
Missiles
 B - 2 throwing nets (quivered)
Armour
 q - the +7 chain mail of the Dungeon (worn) {Dex+2}
   (You found it on level 14 of the Dungeon)

   It affects your dexterity (+2).
 D - a +0 pair of gloves (worn)
 H - a +0 pair of boots (worn)
 I - a +3 chain mail of cold resistance
 O - a +0 large shield (worn)
 X - a +1 helmet (worn)
 Y - a +1 cloak of magic resistance (worn)
Jewellery
 c - a ring of protection from cold (left hand)
 p - a +4 ring of protection
 s - an amulet of faith (around neck)
 V - the ring "Xazekkoa" (right hand) {rElec MR+ Int+3}
   (You found it on level 1 of the Vaults)

   [ring of intelligence]

   It affects your intelligence (+3).
   It insulates you from electricity.
   It affects your resistance to hostile enchantments.
Wands
 J - a wand of acid (1) {@v2}
 N - a wand of digging (5) {@v1}
 P - a wand of iceblast (1) {@v4}
 Q - a wand of clouds (9) {@v3}
 R - a wand of flame (73)
 U - a wand of scattershot (5) {@v5}
Scrolls
 b - 2 scrolls of fear
 h - 3 scrolls of blinking {@r4}
 j - a scroll of silence
 l - 16 scrolls of remove curse {@r2}
 u - 4 scrolls of fog
 v - 8 scrolls of enchant weapon
 y - 8 scrolls of enchant armour
 F - 3 scrolls of identify {@r1}
 G - 5 scrolls of teleportation {@r3}
 M - 3 scrolls of magic mapping
 Z - 2 scrolls of immolation
Potions
 d - 5 potions of might {@q4}
 e - 14 potions of curing {@q1}
 g - 5 potions of lignification
 i - 4 potions of magic
 k - 2 potions of resistance {@q6}
 n - 11 potions of brilliance
 r - 2 potions of agility {@q5}
 w - 3 potions of haste {@q3}
 x - 4 potions of flight
 z - 2 potions of berserk rage
 C - 10 potions of heal wounds {@q2}
 K - 5 potions of cancellation
 L - 4 potions of invisibility
 S - 4 potions of ambrosia
 W - 4 potions of mutation
Miscellaneous
 T - a phantom mirror
Comestibles
 f - 47 rations {@e1}


   Skills:
 + Level 15.4(14.0) Fighting
 - Level 18.0(16.5) Axes
 + Level 17.9(16.4) Armour
 + Level 13.5(12.1) Dodging
 - Level 15.0(13.6) Shields
 + Level 19.9(18.3) Invocations


You had 19 spell levels left.
You didn't know any spells.
Your spell library was empty.

Dungeon Overview and Level Annotations

Branches:
Dungeon (15/15)            Temple (1/1) D:6            Lair (6/6) D:9
  Swamp (4/4) Lair:2       Spider (4/4) Lair:2        Slime (0/5) Lair:6
    Orc (2/2) D:10            Elf (0/3) Orc:2        Vaults (5/5) D:14
 Depths (0/5) D:15
  Crypt: Vaults:2-3

Altars:
Ashenzari
Cheibriados
Dithmenos
Elyvilon
Fedhas
Hepliaklqana
Kikubaaqudgha
Makhleb
Nemelex Xobeh
Okawaru
Qazlal
Ru
Sif Muna
Trog
Uskayaw
Vehumet
Wu Jian
Xom
Yredelemnul
Zin
The Shining One
Beogh

Shops:
Orc:1 *   Orc:2 ?!}(

Annotations:
D:4 2 runed translucent doors, PeterQ's ghost, amateur OpAs
D:10 1 runed translucent door, PeterQ's ghost, journeyman VSEn
D:14 2 runed translucent doors, Crom's ghost, journeyman HOMo
Lair:3 exclusion: 3 oklob plants
Lair:5 2 transporters, PeterQ's ghost, journeyman VSEn
Spider:2 1 runed translucent door, D1HalberdGnoll's ghost, adept GrFi
Vaults:4 3 runed translucent doors, Veteran's ghost, veteran GnEE


Innate Abilities, Weirdness & Mutations

You are resistant to damage.
You can heal yourself by infusing magical energy.
You resist negative energy. (rN+)
You passively map a large area around you.
You do not regenerate.


Message History

* * * LOW HITPOINT WARNING * * *
The yaktaur unwields a +0 arbalest.
You block the yaktaur's attack.
The flayed ghost cries, "Suffer as I suffered!"
The shadow dragon bites you but does no damage.
The shadow dragon claws you!
* * * LOW HITPOINT WARNING * * *
The shadow dragon claws you but does no damage.
Unknown command.
You miss the flayed ghost.
The flayed ghost is heavily damaged.
You slice the yaktaur!! You hit the storm dragon.
You hit the vault warden but do no damage.
You barely miss the shadow dragon. The storm dragon barely misses you.
You block the storm dragon's attack. The storm dragon tramples you.
You stumble backwards!
The titan waves its arms in wide circles.
The air twists around and strikes you!
* * * LOW HITPOINT WARNING * * *
The flayed ghost hits you!
You die...

,,#....##........###****,,,,,,,**
,,*,,,,##.......##*******,,,,,,,*
,,*,,,,#..(....##*,,,,,***,,,,,,*
***,,,,#.......#*,,,,,,,**,,,,,,*
*,,,,#.......#*,,,∩,,,**,,,,,,,
***,,,,##.....(#*,,,,,,,**,,,,,,,
,,*,,,,*#..[...##*,,,,,***,,,,,,,
,,*,,,,*#.......##*D,,***,,,,,,,*
,,*,,,,*##......@###.###.,,,,,,,*
,,*,,,,* ##....WDDCcp....,,,,,,,*
***,,,,* *#....cpeD......,,,,,,,*
,,*,,,,**#.......c.......,,,,,,,*
,,*,,,,*#................,,,,,,,,
,,*,,,,*...#####.........,,,,,,,,
,,,,,,,,..#* #####.....****,,,,
*,,,,,,,,***********#####*******,
,,,,,,,,,,,,,,,,,,,,,,,,,,,,,,,,,


You could see a shadow dragon, an iron dragon, a titan, a storm dragon, a vault
warden, 2 yaktaur captains, a flayed ghost, a vault sentinel, a yaktaur and a
deep elf mage.

Vanquished Creatures
  Sojobo (Vaults:2)
  Margery (Vaults:4)
  Jory (Vaults:4)
  2 tentacled monstrosities
  A titan (Vaults:5)
  A thorn hunter (Swamp:3)
  Donald (Orc:2)
  3 shadow dragons (Vaults:5)
  2 sphinxes
  A storm dragon (Vaults:5)
  2 tengu reavers
  4 fire giants
  A draconian knight (Vaults:2)
  9 vault wardens
  Louise (Spider:1)
  A deep elf sorcerer (Vaults:5)
  2 frost giants
  An orc warlord (Orc:2)
  4 ghost moths
  2 emperor scorpions (Spider:4)
  A ghost moth (shapeshifter) (Vaults:1)
  3 stone giants
  15 ironheart preservers
  2 spriggan defenders (Vaults:2)
  8 very ugly things
  7 entropy weavers
  A deep elf demonologist (Vaults:5)
  A deep elf annihilator (Vaults:3)
  3 spark wasps
  Snorg (D:14)
  3 fire dragons
  A crystal guardian (Vaults:2)
  2 ettins (Vaults:5)
  6 yaktaur captains
  Fannar (D:10)
  Harold (D:7)
  A ghost crab (Swamp:2)
  41 vault guards
  9 hydras
  3 ice dragons
  A death knight (Vaults:1)
  A catoblepas (Vaults:1)
  4 centaur warriors
  3 alligators
  A queen ant (Lair:5)
  14 two-headed ogres
  4 deep troll shamans
  8 death scarabs (Spider:4)
  2 vampire magi (Vaults:1)
  2 deep troll earth magi
  5 ogre magi
  3 hell knights (Vaults:4)
  Sonja (Lair:2)
  3 tengu warriors (D:14)
  3 deep elf knights
  A storm dragon zombie (Vaults:4)
  5 skeletal warriors (Vaults:1)
  4 shadow wraiths
  11 slime creatures
  A spectral emperor scorpion (Spider:4)
  17 deep trolls
  3 swamp dragons
  3 unseen horrors
  5 spectral wolf spiders (Spider:4)
  2 wizards (Vaults:1)
  A deep elf archer (Vaults:1)
  4 necromancers
  A wolf spider zombie (Spider:4)
  10 orb spiders
  18 orc knights
  7 ironbrand convokers
  32 wolf spiders
  33 ugly things
  4 deep elf magi
  A cyclops (Vaults:2)
  A human zombie (Vaults:4)
  2 manticores
  4 orc sorcerers
  A human skeleton (Vaults:4)
  3 ice statues (IceCv)
  15 vault sentinels
  A moth of wrath (Spider:4)
  8 elephants
  2 centaur zombies
  9 black mambas
  A torpor snail (Spider:3)
  Joseph (D:10)
  A torpor snail (shapeshifter) (Vaults:1)
  A storm dragon simulacrum (Vaults:4)
  2 gargoyles
  27 spiny frogs
  A rime drake (shapeshifter) (Vaults:2)
  A spectral redback (Spider:4)
  A komodo dragon (shapeshifter) (Vaults:1)
  4 komodo dragons
  A kobold demonologist (D:12)
  30 yaktaurs
  4 redback zombies (Spider:4)
  3 freezing wraiths
  9 ice devils (IceCv)
  A tengu conjurer (D:14)
  14 demonic crawlers
  9 trolls
  26 jumping spiders
  A meliai (shapeshifter) (Vaults:1)
  8 hornets
  9 tyrant leeches
  A wolf spider simulacrum (D:15)
  3 spectral jumping spiders (Spider:4)
  A tengu simulacrum (Vaults:4)
  4 spectral tarantellas (Spider:4)
  A jumping spider zombie (Spider:4)
  22 blink frogs
  2 bog bodies
  9 hippogriffs
  A centaur simulacrum (D:14)
  19 yaks
  3 spriggans
  A spriggan (shapeshifter) (Vaults:1)
  2 shadows
  22 tarantellas
  2 wraiths
  A water elemental (D:12)
  A vampire (D:14)
  67 redbacks
  3 basilisks
  4 hogs (D:8)
  8 humans
  21 vampire mosquitoes
  Menkaure (D:6)
  8 wargs
  A hungry ghost (D:13)
  6 swamp worms
  3 acid dragons
  19 soldier ants (Lair:5)
  6 water moccasins
  Duvessa (D:6)
  7 ice beasts
  5 swamp drakes (Swamp:4)
  9 porcupines
  10 sky beasts
  A spectral hornet (Spider:4)
  A floating eye (Lair:3)
  A hornet zombie (Spider:4)
  A black bear (D:7)
  46 orc warriors
  3 phantoms
  A necrophage (D:12)
  An eye of draining (Vaults:1)
  9 boggarts
  26 wolves
  32 ogres
  8 centaurs
  11 crocodiles
  2 big kobolds
  29 bullfrogs
  2 wyvern zombies
  2 wyvern skeletons
  6 scorpions
  Dowan (D:6)
  6 killer bees (D:9)
  10 wights
  10 electric eels
  A howler monkey (D:7)
  A quasit (D:7)
  4 bullfrog zombies
  6 crimson imps
  2 hounds
  6 jellies
  18 orc wizards
  3 centaur skeletons
  23 orc priests
  Jessica (D:3)
  2 bullfrog skeletons
  Natasha (thrice) (D:4)
  5 iguanas
  17 worker ants
  A spriggan simulacrum (IceCv)
  5 troll simulacra (IceCv)
  A big kobold zombie (Ossuary)
  A hound zombie (D:10)
  8 mummies (Ossuary)
  3 worker ant zombies
  6 adders
  4 naga simulacra (IceCv)
  2 shadow imps
  6 oozes
  An adder skeleton (D:4)
  4 worms
  2 dart slugs (D:3)
  6 leopard geckos
  134 orcs
  A ball python (D:3)
  6 giant cockroaches
  9 goblins
  5 hobgoblins
  8 jackals
  17 kobolds
  8 quokkas
  6 frilled lizards
  A giant cockroach zombie (D:5)
  3 kobold zombies (Ossuary)
  A leopard gecko skeleton (D:4)
  A leopard gecko zombie (D:6)
  4 orc zombies (Ossuary)
  3 rats (D:3)
  2 rat zombies (D:6)
  3 briar patches (Swamp:4)
  4 fungi
  6 plants
1417 creatures vanquished.

Vanquished Creatures (collateral kills)
  Gastronok (Lair:3)
  A thorn hunter (Swamp:4)
  15 hydras
  An alligator (Swamp:4)
  A spriggan druid (Swamp:4)
  4 swamp dragons (Swamp:4)
  2 orc knights (Orc:2)
  4 orb spiders (Spider:3)
  5 wolf spiders (Spider:3)
  An ugly thing (D:12)
  An elephant (Lair:3)
  A centaur skeleton (D:13)
  A demonic crawler (Spider:3)
  A komodo dragon (Swamp:4)
  A tyrant leech (Lair:2)
  2 trolls
  3 jumping spiders (Spider:3)
  3 hornets (Swamp:4)
  5 slime creatures (Swamp:4)
  3 tarantellas (Spider:3)
  3 redbacks (Spider:3)
  2 spriggans (Swamp:4)
  2 yaks (Lair:3)
  A vampire mosquito (D:12)
  A swamp worm (Swamp:4)
  3 wargs (Orc:2)
  2 insubstantial wisps (Swamp:4)
  6 orc warriors (Orc:2)
  4 swamp drakes (Swamp:4)
  A wolf (Lair:3)
  A crocodile (Lair:6)
  A bullfrog (Lair:3)
  3 electric eels (D:12)
  2 orc wizards (Orc:2)
  8 orcs (Orc:2)
  2 briar patches (Swamp:4)
98 creatures vanquished.

Vanquished Creatures (others)
  An ironheart preserver (Vaults:5)
  A jumping spider (Spider:3)
  An orc warrior (D:14)
  An orc (D:8)
  A briar patch (Swamp:4)
  A bush (Lair:3)
  9 fungi (Lair:6)
  43 plants
58 creatures vanquished.

Grand Total: 1573 creatures vanquished

Notes
Turn   | Place    | Note
-------+----------+-------------------------------------------
     0 | D:1      | Flugslaktarn the Deep Dwarf Fighter began the quest for the
                  | Orb.
     0 | D:1      | Reached XP level 1. HP: 20/20 MP: 1/1
   221 | D:1      | Reached XP level 2. HP: 21/27 MP: 2/2
   335 | D:2      | Reached XP level 3. HP: 22/33 MP: 3/3
   660 | D:3      | Noticed Jessica
   664 | D:3      | Killed Jessica
   664 | D:3      | Reached skill level 5 in Axes
   664 | D:3      | Reached XP level 4. HP: 33/40 MP: 4/4
   702 | D:4      | Found a hide-covered altar of Uskayaw.
   723 | D:4      | Noticed Natasha
   734 | D:4      | Reached XP level 5. HP: 39/49 MP: 5/5
   746 | D:4      | Killed Natasha
   760 | D:4      | Noticed a phantom
   784 | D:4      | Noticed Natasha
   794 | D:4      | Killed Natasha
   820 | D:4      | Killed a phantom
   820 | D:4      | Reached XP level 6. HP: 31/56 MP: 6/6
   829 | D:4      | Noticed Natasha
   836 | D:4      | Killed Natasha
   871 | D:4      | Found a bloodstained altar of Trog.
   957 | D:4      | Found a large runed translucent door.
   957 | D:4      | Found a large runed translucent door.
   959 | D:4      | Noticed PeterQ's ghost (amateur OpAs)
   996 | D:4      | Noticed a sky beast
  1046 | D:4      | Killed a sky beast
  1170 | D:4      | Reached XP level 7. HP: 53/63 MP: 6/6
  1266 | D:4      | Reached skill level 5 in Armour
  1422 | D:5      | Entered Level 5 of the Dungeon
  1488 | D:5      | Found a snail-covered altar of Cheibriados.
  1731 | D:5      | Reached XP level 8. HP: 66/73 MP: 6/6
  2134 | D:6      | Noticed Menkaure
  2146 | D:6      | Killed Menkaure
  2179 | D:6      | Reached skill level 5 in Fighting
  2245 | D:6      | Found a shattered altar of Ashenzari.
  2252 | D:6      | Found a staircase to the Ecumenical Temple.
  2256 | D:6      | Noticed Dowan
  2257 | D:6      | Noticed Duvessa
  2275 | D:6      | Killed Dowan
  2299 | D:6      | Killed Duvessa
  2309 | Temple   | Entered the Ecumenical Temple
  2569 | D:6      | Found a sand-covered staircase.
  2576 | Ossuary  | Entered an ossuary
  2597 | Ossuary  | Gained mutation: You passively map the area around you.
                  | [Deep Dwarf growth]
  2597 | Ossuary  | Reached XP level 9. HP: 55/82 MP: 6/6
  2609 | Ossuary  | Reached skill level 10 in Axes
  3159 | D:7      | Noticed Harold
  3178 | D:7      | Killed Harold
  3557 | D:7      | Found a hazy altar of Hepliaklqana.
  3558 | D:7      | Found a shimmering altar of Xom.
  3559 | D:7      | Noticed a spectral ugly thing
  3848 | D:8      | Reached XP level 10. HP: 68/92 MP: 6/6
  3932 | D:8      | Paralysed by a hornet for 3 turns
  3970 | D:8      | Paralysed by a hornet for 3 turns
  3975 | D:8      | Paralysed by a hornet for 3 turns
  4029 | D:8      | Found a glowing silver altar of Zin.
  4029 | D:8      | Found a radiant altar of Vehumet.
  4323 | D:8      | Found a basalt altar of Yredelemnul.
  4327 | D:8      | Found a glowing golden altar of the Shining One.
  4344 | D:8      | Noticed an angel
  4426 | D:8      | Noticed a profane servitor
  4835 | D:3      | Found a burning altar of Makhleb.
  4850 | D:3      | Became a worshipper of Makhleb the Destroyer
  5176 | D:9      | Noticed a two-headed ogre
  5199 | D:8      | Reached skill level 1 in Invocations
  5253 | D:9      | Reached skill level 2 in Invocations
  5271 | D:9      | Reached * piety under Makhleb
  5280 | D:9      | Reached skill level 3 in Invocations
  5322 | D:9      | Reached skill level 4 in Invocations
  5345 | D:9      | Killed a two-headed ogre
  5358 | D:9      | Found a staircase to the Lair.
  5368 | D:9      | Reached XP level 11. HP: 66/103 MP: 6/6
  5505 | D:9      | Reached ** piety under Makhleb
  5505 | D:9      | Reached skill level 5 in Invocations
  5506 | D:9      | Identified a scroll of acquirement
  5510 | D:9      | Got a fine broad axe
  5511 | D:9      | Identified the +5 broad axe of Olou {elec, rF+} (You
                  | acquired it on level 9 of the Dungeon)
  5770 | D:9      | Noticed a red ugly thing
  6158 | D:9      | Reached skill level 6 in Invocations
  6216 | D:9      | Killed a red ugly thing
  6276 | Lair:1   | Entered Level 1 of the Lair of Beasts
  6407 | Lair:1   | Reached *** piety under Makhleb
  7068 | Lair:2   | Reached skill level 7 in Invocations
  7089 | Lair:2   | Reached skill level 10 in Armour
  7101 | Lair:2   | Found a hole to the Spider Nest.
  7132 | Lair:2   | Found a frozen archway.
  7160 | IceCv    | Entered an ice cave
  7176 | IceCv    | Reached skill level 8 in Invocations
  7373 | IceCv    | Reached **** piety under Makhleb
  7379 | IceCv    | Reached skill level 9 in Invocations
  7390 | IceCv    | Reached XP level 12. HP: 112/112 MP: 8/8
  7537 | Lair:2   | Noticed Sonja
  7582 | Lair:2   | Killed Sonja
  7739 | Lair:2   | Found a staircase to the Swamp.
  7835 | Lair:2   | Reached skill level 10 in Invocations
  8044 | Lair:3   | Noticed Gastronok
  8045 | Lair:3   | Noticed an eight-headed hydra
  8067 | Lair:3   | Killed an 11-headed hydra
  8078 | Lair:3   | Killed Gastronok
  8108 | Lair:3   | Noticed a seven-headed hydra
  8120 | Lair:3   | Killed a seven-headed hydra
  8120 | Lair:3   | Reached skill level 15 in Axes
  8120 | Lair:3   | Reached skill level 11 in Invocations
  8282 | Lair:3   | Noticed a seven-headed hydra
  8289 | Lair:3   | Killed a nine-headed hydra
  8319 | Lair:3   | Noticed an eight-headed hydra
  8331 | Lair:3   | Killed an 11-headed hydra
  9230 | Lair:4   | Reached XP level 13. HP: 113/121 MP: 10/10
  9833 | Lair:5   | Found a transporter.
  9834 | Lair:5   | Noticed PeterQ's ghost (journeyman VSEn)
  9835 | Lair:5   | Noticed a dire elephant
  9885 | Lair:5   | You fall through a shaft!
  9885 | Lair:6   | Entered Level 6 of the Lair of Beasts
  9914 | Lair:6   | Reached skill level 12 in Invocations
  9954 | Lair:6   | Reached ***** piety under Makhleb
 10018 | Lair:6   | Reached skill level 10 in Fighting
 10086 | Lair:6   | Reached skill level 5 in Shields
 10329 | Lair:5   | Found a transporter.
 10501 | Lair:5   | Noticed an entropy weaver
 10522 | Lair:5   | Killed an entropy weaver
 10566 | Lair:5   | Noticed an entropy weaver
 10580 | Lair:5   | Killed an entropy weaver
 10937 | Lair:6   | Gained mutation: You resist negative energy. (rN+) [Deep
                  | Dwarf growth]
 10937 | Lair:6   | Reached XP level 14. HP: 133/133 MP: 12/12
 11049 | Lair:6   | Reached ****** piety under Makhleb
 11070 | Lair:6   | Reached skill level 13 in Invocations
 11148 | Lair:6   | Found a staircase to the Slime Pits.
 11837 | D:10     | Entered Level 10 of the Dungeon
 11879 | D:10     | Noticed Joseph
 11891 | D:10     | Killed Joseph
 11956 | D:10     | Noticed Fannar
 11970 | D:10     | Killed Fannar
 12054 | D:10     | Found a runed translucent door.
 12054 | D:10     | Noticed PeterQ's ghost (journeyman VSEn)
 12284 | D:10     | Found a staircase to the Orcish Mines.
 12297 | Orc:1    | Entered Level 1 of the Orcish Mines
 12453 | Orc:1    | Found Elasmops's General Store.
 12671 | Orc:2    | Entered Level 2 of the Orcish Mines
 12671 | Orc:2    | Noticed Donald
 12686 | Orc:2    | Killed Donald
 12725 | Orc:2    | Noticed an orc warlord
 12742 | Orc:2    | Killed an orc warlord
 12843 | Orc:2    | Found Humnis's Magic Scroll Boutique.
 12860 | Orc:2    | Found Duajee's Distillery.
 12882 | Orc:2    | Bought 2 potions of heal wounds for 110 gold pieces
 12995 | Orc:2    | Found a roughly hewn altar of Beogh.
 13135 | Orc:2    | Found a roughly hewn altar of Beogh.
 13161 | Orc:2    | Found Qorrah's Gadget Boutique.
 13161 | Orc:2    | Found Kojifoll's Antique Weapon Emporium.
 13223 | Orc:2    | Found a staircase to the Elven Halls.
 14571 | D:12     | Reached XP level 15. HP: 36/141 MP: 14/14
 14750 | D:12     | Reached skill level 14 in Invocations
 16004 | D:14     | Reached skill level 1 in Dodging
 16053 | D:14     | Found a gate to the Vaults.
 16132 | D:14     | Noticed Snorg
 16145 | D:14     | Killed Snorg
 16291 | D:14     | Got a spiked chain mail
 16302 | D:14     | Identified the +7 chain mail of the Dungeon {Dex+2} (You
                  | found it on level 14 of the Dungeon)
 16322 | D:14     | Found a basalt altar of Yredelemnul.
 16391 | D:14     | Found a large runed translucent door.
 16391 | D:14     | Found a large runed translucent door.
 16395 | D:14     | Noticed Crom's ghost (journeyman HOMo)
 16936 | D:15     | Entered Level 15 of the Dungeon
 17347 | D:15     | Found a staircase to the Depths.
 17731 | Spider:1 | Entered Level 1 of the Spider Nest
 17734 | Spider:1 | Noticed Louise
 17785 | Spider:1 | Killed Louise
 17984 | Spider:1 | Reached skill level 15 in Invocations
 17988 | Spider:1 | Reached skill level 5 in Dodging
 18046 | Spider:1 | Reached XP level 16. HP: 152/152 MP: 15/15
 18411 | Spider:1 | Reached skill level 10 in Shields
 18770 | Spider:2 | Found a runed translucent door.
 18772 | Spider:2 | Noticed D1HalberdGnoll's ghost (adept GrFi)
 19864 | Spider:4 | Entered Level 4 of the Spider Nest
 20050 | Spider:4 | Reached skill level 16 in Invocations
 20683 | Spider:4 | Reached XP level 17. HP: 158/162 MP: 17/17
 20847 | Spider:4 | Reached skill level 15 in Armour
 21332 | Spider:4 | Got a gossamer rune of Zot
 21554 | Swamp:1  | Entered Level 1 of the Swamp
 21577 | Swamp:2  | Found a blossoming altar of Fedhas.
 21870 | Swamp:4  | Entered Level 4 of the Swamp
 22118 | Swamp:4  | Reached skill level 17 in Invocations
 22158 | Swamp:4  | Got a decaying rune of Zot
 22532 | Vaults:1 | Entered Level 1 of the Vaults
 22768 | Vaults:1 | Gained mutation: You passively map a large area around you.
                  | [Deep Dwarf growth]
 22768 | Vaults:1 | Reached XP level 18. HP: 172/172 MP: 15/15
 22777 | Vaults:1 | Reached skill level 10 in Dodging
 23748 | Vaults:1 | Reached skill level 18 in Invocations
 23754 | Vaults:1 | Noticed a tentacled monstrosity
 23772 | Vaults:1 | Killed a tentacled monstrosity
 23820 | Vaults:1 | Identified the +6 mace "Duupp" {freeze, rC+ Str-4 Int+3}
 24074 | Vaults:1 | Got a faintly glowing glass ring
 24182 | Vaults:2 | Reached XP level 19. HP: 182/182 MP: 17/17
 24190 | Vaults:2 | Identified the ring "Xazekkoa" {rElec MR+ Int+3} (You found
                  | it on level 1 of the Vaults)
 24207 | Vaults:2 | Noticed Sojobo
 24223 | Vaults:2 | Killed Sojobo
 24349 | Vaults:2 | Found a magical portal.
 24409 | WizLab   | Entered Iskenderun's Mystic Tower
 25315 | Vaults:3 | Reached skill level 19 in Invocations
 25340 | Vaults:3 | You fall through a shaft!
 25534 | Vaults:4 | Found a shimmering altar of Xom.
 25544 | Vaults:4 | Found a runed translucent gate.
 25544 | Vaults:4 | Found a runed translucent gate.
 25544 | Vaults:4 | Found a runed translucent gate.
 25620 | Vaults:4 | Noticed Margery
 25646 | Vaults:4 | Killed Margery
 25748 | Vaults:4 | Noticed Jory
 25770 | Vaults:4 | Killed Jory
 25770 | Vaults:4 | Reached skill level 15 in Fighting
 25892 | Vaults:4 | Reached XP level 20. HP: 171/194 MP: 14/14
 26720 | Vaults:4 | Noticed Veteran's ghost (veteran GnEE)
 26788 | Vaults:5 | Entered Level 5 of the Vaults
 26815 | Vaults:5 | Reached skill level 15 in Shields
 26930 | Vaults:5 | HP: 8/195 [titan/the air (20)]
 26930 | Vaults:5 | Slain by a flayed ghost

Vault maps used:
D:1:      kilobyte_arrival_exit_the_forest, chequers_serial_rivers_small_a
D:2:      grunt_gozag_statues, chequers_ecumenical_altar_simple_redux
D:3:      minmay_diamond_boxcup, old_standard_altar, grunt_ministairs_1,
          nemelex_dance_club_becter, uniq_jessica
D:4:      eat_drink_and_be_merry_uskayaw, lemuel_crystal_altar,
          ebering_ghost_disaster_area, serial_park_tiny_pond, minivault_19,
          guppyfry_early_orc_mine, uniq_natasha
D:5:      kennysheep_mini_moat, first_ration
D:6:      cheibrodos_ashenzari_chains, minmay_temple_entry_mist,
          enter_ossuary_4, uniq_menkaure, uniq_duvessa
D:7:      regret_index_temple_of_mockery, uniq_harold
D:8:      grunt_temple_overflow_holy_war, gammafunk_temple_overflow_wave,
          grunt_livestock
D:9:      minmay_razor_zed, minmay_lair_entry_grove, minmay_lizard_king
D:10:     lemuel_upstairs_altar, david_orc_2, hellmonk_ghost_happy_afterlife,
          minivault_24, uniq_joseph, uniq_fannar
D:12:     minmay_bloctagon_deflated, serial_bayou, serial_bayou_lagoon_b,
          serial_bayou_shore_b, serial_bayou_shore_b, serial_bayou_pond_c,
          serial_bayou_pond_e, serial_bayou_pond_d
D:14:     ximxim_vaults_locker_room, ebering_ghost_disaster_area, basic_altar,
          lemuel_nasty_fountain, uniq_snorg
D:15:     grunt_enter_depths_hoard, chequers_jeans
Temple:   dpeg_chambers_temple
Lair:1:   serial_bayou_lagoon_a
Lair:2:   minmay_swamp_entry_worms, dummy_spider_entry,
          portal_ice_cave_entry_pillars_2, fungi_pond_lemuel,
          serial_bayou_lake_a, uniq_sonja
Lair:3:   disabler_island, uniq_gastronok
Lair:4:   serial_forest, infiniplex_forest_zigzag_1, infiniplex_forest_diagonal,
          infiniplex_forest_lined_2, infiniplex_forest_clump_curved,
          infiniplex_forest_straight_3, infiniplex_forest_straight_3,
          infiniplex_forest_clump_curved
Lair:5:   gammafunk_ghost_arena, minmay_stone_trees_small, zaba_antful_of_joy
Lair:6:   minmay_lair_end_frog_pond, nicolae_slime_entry_slimehenge,
          chequers_serial_rivers_small_b, grunt_forest_large_clearings
Swamp:1:  evilmike_swamp_ruin_rubble_1, swamp_pool5, infiniplex_staircase_pool
Swamp:2:  basic_altar, nicolae_swamp_spriggan_camp
Swamp:3:  evilmike_swamp_ruin_house_3
Swamp:4:  swamp
Spider:1: hangedman_spider_tarantella_strand, uniq_louise
Spider:2: ebering_ghost_inner_flame
Spider:4: floodkiller_spider_rune_tomb
Orc:1:    serial_shops, nicolae_shop_waterfront, mines2_lemuel
Orc:2:    st_orc_town, mines1_david, uniq_donald
Vaults:1: nicolae_vaults_little_squares_6, v_rooms_2, grunt_vaults_funnel,
          st_greater_box_1, hangedman_vaults_stagger, v_rooms_1,
          hangedman_vaults_variations, hangedman_vaults_restitches,
          ontoclasm_vaults_twist
Vaults:2: hangedman_vaults_locks, v_misc_16, sword_in_stone,
          vaults_room_corners, nicolae_vaults_network_quinsquares,
          hangedman_vaults_slice, vaults_mumra_hex, hangedman_vaults_impose,
          hangedman_vaults_river_flow, ontoclasm_vaults_fault,
          infiniplex_enter_wizlab_glasses
Vaults:3: ontoclasm_vaults_misaligned, vaults_room_pool, nicolae_vaults_big_ls,
          v_alt_pattern_6, st_greater_box_5, v_misc_15,
          minmay_crypt_entry_nasty_monster, serial_ice_b,
          vaults_dpeg_encased_lava, ontoclasm_vaults_idyll, serial_shops,
          nicolae_shop_trees, uniq_boris
Vaults:4: gammafunk_vaults_ghost_necromancy, hangedman_vaults_maws,
          hangedman_vaults_snaps, grunt_vaults_bifocal, vaults_room_grid,
          v_misc_14, v_misc_24, basic_altar, uniq_margery, uniq_jory
Ossuary:  ossuary_tomb_3
IceCv:    ice_cave_tombish
WizLab:   wizlab_iskenderun

Skill      XL: |  1  2  3  4  5  6  7  8  9 10 11 12 13 14 15 16 17 18 19 20 |
---------------+-------------------------------------------------------------+-----
Axes           | 3 4 5 6 7 8 9 11 13 14 15 16 17 18 | 18.0
Fighting       | 3 4 5 6 7 8 9 10 11 12 13 14 15 | 15.4
Armour         | 4 5 6 8 9 10 11 12 13 14 15 16 17 | 17.9
Invocations    | 4 9 11 12 13 15 16 17 18 19 | 19.9
Shields        | 6 8 9 11 12 13 14 15 | 15.0
Dodging        | 5 7 9 11 12 13 | 13.5

Action                   |  1- 3 |  4- 6 |  7- 9 | 10-12 | 13-15 | 16-18 | 19-21 || total
-------------------------+-------+-------+-------+-------+-------+-------+-------++-------
Melee: War axe           |   116 |   110 |   337 |   347 |       |       |       ||   910
       Broad axe         |       |       |       |   405 |  1329 |  1512 |   658 ||  3904
Invok: Minor Destruction |       |       |       |     1 |       |       |       ||     1
       Lesser Servant of |       |       |       |     8 |     8 |       |       ||    16
       Greater Servant o |       |       |       |       |     2 |     3 |       ||     5
 Abil: Heal Wounds       |     1 |     2 |    15 |    23 |     6 |     7 |    10 ||    64
Evoke: Wand              |       |       |       |     4 |     4 |     1 |       ||     9
  Use: Scroll            |       |       |     4 |    10 |    14 |     7 |     2 ||    37
       Potion            |       |       |     1 |     2 |       |     1 |     3 ||     7
 Stab: Distracted        |       |       |       |     2 |     4 |     4 |       ||    10
       Held in net/web   |       |       |       |       |       |     2 |       ||     2
       Petrified         |       |       |       |       |       |    12 |       ||    12
  Eat: Chunk             |       |     1 |     8 |    12 |    12 |    13 |     9 ||    55
       Ration            |       |       |       |     3 |     5 |     2 |     2 ||    12
Armor: Scale mail        |    18 |       |       |    76 |       |       |       ||    94
       Ice dragon scales |    54 |    46 |   147 |   313 |   251 |       |       ||   811
       Chain mail        |       |       |       |       |   504 |  1107 |   263 ||  1874
Dodge: Dodged            |    34 |    32 |    86 |   195 |   373 |   549 |   217 ||  1486
       Deflected         |       |       |       |     9 |       |       |       ||     9
Block: Shield            |    47 |    64 |   154 |   313 |   618 |       |       ||  1196
       Large shield      |       |       |       |       |   129 |  1569 |   617 ||  2315

Table legend:
 A = Non-vault XP
 B = Vault XP
 C = Vault XP percentage of total XP
 D = Non-vault monster count
 E = Vault monster count
 F = Vault count percentage of total count
                 A         B        C        D         E       F
            +---------+---------+-------+---------+---------+-------
      Total |  279086 |  250359 |  47.3 |     928 |     574 |  38.2
            +---------+---------+-------+---------+---------+-------
        D:1 |      21 |       0 |   0.0 |       8 |       0 |   0.0
        D:2 |      49 |       0 |   0.0 |      13 |       0 |   0.0
        D:3 |      33 |     115 |  77.7 |      15 |      14 |  48.3
        D:4 |     752 |     266 |  26.1 |      23 |       8 |  25.8
        D:5 |     425 |       0 |   0.0 |       9 |       0 |   0.0
        D:6 |    1163 |     388 |  25.0 |      22 |       5 |  18.5
        D:7 |    1037 |    1002 |  49.1 |      18 |       1 |   5.3
        D:8 |    1813 |     984 |  35.2 |      35 |       5 |  12.5
        D:9 |    3048 |    2838 |  48.2 |      28 |      32 |  53.3
       D:10 |    1686 |    1468 |  46.5 |      14 |       9 |  39.1
       D:11 |    6493 |       0 |   0.0 |      45 |       0 |   0.0
       D:12 |    4455 |    1653 |  27.1 |      30 |       4 |  11.8
       D:13 |    5183 |       0 |   0.0 |      38 |       0 |   0.0
       D:14 |    7894 |    7431 |  48.5 |      22 |      13 |  37.1
       D:15 |   11935 |    2087 |  14.9 |      27 |       2 |   6.9
     Lair:1 |    1359 |       0 |   0.0 |       6 |       0 |   0.0
     Lair:2 |    5257 |    1088 |  17.1 |      26 |       4 |  13.3
     Lair:3 |    7257 |    2130 |  22.7 |      23 |       2 |   8.0
     Lair:4 |    3091 |       0 |   0.0 |      14 |       0 |   0.0
     Lair:5 |    1931 |    7738 |  80.0 |       8 |      34 |  81.0
     Lair:6 |    8483 |   15421 |  64.5 |      24 |      78 |  76.5
    Swamp:1 |     407 |       0 |   0.0 |       2 |       0 |   0.0
    Swamp:2 |    4617 |       0 |   0.0 |      16 |       0 |   0.0
    Swamp:3 |    8344 |       0 |   0.0 |      16 |       0 |   0.0
    Swamp:4 |    7893 |   10565 |  57.2 |      28 |      24 |  46.2
   Spider:1 |   20963 |    1910 |   8.4 |      62 |       2 |   3.1
   Spider:2 |   16440 |       0 |   0.0 |      38 |       0 |   0.0
   Spider:3 |   17444 |       0 |   0.0 |      50 |       0 |   0.0
   Spider:4 |    5940 |   34922 |  85.5 |      15 |      71 |  82.6
      Orc:1 |    2293 |       0 |   0.0 |      22 |       0 |   0.0
      Orc:2 |    6150 |    8810 |  58.9 |      61 |      60 |  49.6
   Vaults:1 |   40698 |   52778 |  56.5 |      74 |      63 |  46.0
   Vaults:2 |   23919 |   31477 |  56.8 |      35 |      40 |  53.3
   Vaults:3 |   17185 |       0 |   0.0 |      19 |       0 |   0.0
   Vaults:4 |   28118 |   19639 |  41.1 |      33 |      24 |  42.1
   Vaults:5 |    5310 |   40086 |  88.3 |       9 |      40 |  81.6
    Ossuary |       0 |     179 | 100.0 |       0 |      16 | 100.0
      IceCv |       0 |    5384 | 100.0 |       0 |      23 | 100.0
            +---------+---------+-------+---------+---------+-------
